 Dungeon Crawl Stone Soup version 0.27-a0-34-gc18c9092ac (webtiles) character file.

Game seed: 13329733083305892905

11487 robertstho the Frost Mage (level 11, -3/83 HPs)
             Began as a Gnoll Ice Elementalist on Jan 4, 2021.
             Was a Believer of Sif Muna.
             Slain by a wolf (6 damage)
             ... on level 3 of the Lair of Beasts.
             The game lasted 00:22:18 (10609 turns).

robertstho the Frost Mage (Gnoll Ice Elementalist) Turns: 10609, Time: 00:22:19

Health: -3/83      AC:  6    Str: 12    XL:     11   Next: 78%
Magic:  23/23      EV: 17    Int: 20    God:    Sif Muna [**....]
Gold:   644        SH:  0    Dex: 15    Spells: 7/26 levels left

rFire    . . .     SeeInvis +   F - +1 broad axe (vorpal)
rCold    . . .     Faith    .   (no shield)
rNeg     + . .     Spirit   .   a - +0 robe
rPois    .         Reflect  .   s - +0 helmet
rElec    .         Harm     .   (no cloak)
rCorr    .         Rampage  .   l - +0 pair of gloves
Will     .....                  H - +0 pair of boots (curse)
Stlth    ++........             x - amulet of regeneration
HPRegen  0.63/turn              j - ring of positive energy
MPRegen  0.18/turn              A - ring of see invisible (curse)

@: confused, brilliant, frozen ramparts
A: distributed training, fangs 1, strong nose
a: Renounce Religion, Channel Magic


You were on level 3 of the Lair of Beasts.
You worshipped Sif Muna.
Sif Muna was pleased with you.
You visited 3 branches of the dungeon, and saw 13 of its levels.

You collected 644 gold pieces.

Inventory:

Hand Weapons
 c - a +0 whip
 d - a +0 short sword
 e - a +0 dagger of draining
 t - a +1 dagger of protection
 F - a +1 vorpal broad axe (weapon)
Missiles
 C - 4 silver boomerangs
Armour
 a - a +0 robe (worn)
 l - a +0 pair of gloves (worn)
 s - a +0 helmet (worn)
 G - +0 swamp dragon scales
 H - a cursed +0 pair of boots (worn)
Jewellery
 j - a ring of positive energy (left hand)
 x - an amulet of regeneration (around neck)
 A - a cursed ring of see invisible (right hand)
 L - an uncursed ring of positive energy
 M - an uncursed ring of willpower {unknown}
 N - an uncursed ring of flight {unknown}
 O - a +4 ring of evasion {unknown}
 P - an uncursed ring of protection from fire {unknown}
 Q - an uncursed ring of protection from cold {unknown}
Wands
 b - a wand of digging (5)
 k - a wand of iceblast (16)
 y - a wand of flame (16)
 I - a wand of random effects (19)
Scrolls
 g - a scroll of blinking
 n - 10 scrolls of remove curse {unknown}
 p - 5 scrolls of teleportation {unknown}
 q - 3 scrolls of amnesia {unknown}
 r - 3 scrolls of immolation {unknown}
 D - a scroll of vulnerability {unknown}
 E - 4 scrolls of identify
 J - a scroll of enchant weapon {unknown}
 R - a scroll of summoning {unknown}
 S - 3 scrolls of magic mapping {unknown}
Potions
 f - 3 potions of lignification
 h - a potion of brilliance
 o - 2 potions of might
 u - 2 potions of magic {unknown}
 v - 6 potions of degeneration {unknown}
 w - 4 potions of attraction {unknown}
 z - 3 potions of flight {unknown}
 B - a potion of mutation {unknown}
 K - a potion of berserk rage {unknown}
Miscellaneous
 T - a lightning rod (4/4)
 U - a phantom mirror


   Skills:
 + Level 6.6 Fighting
 + Level 6.6 Short Blades
 + Level 6.6 Long Blades
 + Level 6.6 Axes
 + Level 6.6 Maces & Flails
 + Level 6.6 Polearms
 + Level 6.6 Staves
 + Level 6.6 Slings
 + Level 6.6 Bows
 + Level 6.6 Crossbows
 + Level 6.6 Throwing
 + Level 6.6 Armour
 + Level 8.1 Dodging
 + Level 7.9 Stealth
 + Level 6.6 Shields
 + Level 6.6 Unarmed Combat
 + Level 8.4 Spellcasting
 + Level 5.5 Conjurations
 + Level 5.5 Hexes
 + Level 5.5 Summonings
 + Level 5.5 Necromancy
 + Level 5.5 Translocations
 + Level 5.5 Transmutations
 + Level 5.5 Fire Magic
 + Level 9.1 Ice Magic
 + Level 5.5 Air Magic
 + Level 5.5 Earth Magic
 + Level 5.5 Poison Magic
 + Level 7.2 Invocations
 + Level 6.6 Evocations


You had 7 spell levels left.
You knew the following spells:

 Your Spells              Type           Power        Failure   Level
a - Freeze                Ice            100%         1%          1
b - Frozen Ramparts       Ice            100%         1%          3
c - Ozocubu's Armour      Ice            61%          1%          3
d - Hailstorm             Conj/Ice       54%          4%          4
e - Summon Ice Beast      Ice/Summ       54%          4%          4
f - Summon Lightning Spi  Summ/Air       45%          9%          4

Your spell library contained the following spells:

 Spells                   Type           Power        Failure   Level
 Corona                   Hex            50%          1%          1
 Summon Small Mammal      Summ           100%         1%          1
 Call Imp                 Summ           45%          1%          2
 Ensorcelled Hibernation  Hex/Ice        100%         1%          2
 Slow                     Hex            45%          1%          2
 Call Canine Familiar     Summ           45%          2%          3
 Confusing Touch          Hex            45%          2%          3
 Dazzling Flash           Conj/Hex       90%          2%          3
 Inner Flame              Hex/Fire       45%          2%          3
 Portal Projectile        Hex/Tloc       90%          2%          3
 Summon Guardian Golem    Hex/Summ       45%          2%          3
 Tukima's Dance           Hex            45%          2%          3
 Cause Fear               Hex            22%          9%          4
 Leda's Liquefaction      Hex/Erth       22%          9%          4


Dungeon Overview and Level Annotations

Branches:
Dungeon (9/15)             Temple (1/1) D:6            Lair (3/6) D:9
  Snake (0/4) Lair:2
  Swamp: Lair:2-4    Shoals: Lair:2-4       Orc: D:9-12

Altars:
Ashenzari
Cheibriados
Dithmenos
Elyvilon
Fedhas
Gozag
Hepliaklqana
Kikubaaqudgha
Nemelex Xobeh
Okawaru
Qazlal
Ru
Sif Muna
Trog
Vehumet
Wu Jian
Xom
Yredelemnul
Zin
The Shining One

Shops:
D:4 (([

Annotations:
D:4 Armour shop
D:6 3 runed translucent doors, Calibrex's ghost, amateur GrDe


Innate Abilities, Weirdness & Mutations

Your experience applies equally to all skills.
You have very sharp teeth.
Your uncanny sense of smell can sniff out nearby items.


Message History

The wolf bites you.
* * * LOW HITPOINT WARNING * * *
The wolf bites you.
* * * LOW HITPOINT WARNING * * *
Casting: Frozen Ramparts (safe; 1% risk of failure)
Confirm with . or Enter, or press ? or * to list all spells.
Casting: Frozen Ramparts (safe; 1% risk of failure)
Press: ? - help, Dir - look around, f - activate You feel a surge of power!
The walls around you are covered in ice.
The wall freezes the wolf.
The wolf completely misses you.
The wall freezes the wolf.
The wolf misses you.
The wall freezes the wolf.
The wolf bites you but does no damage.
The wall freezes the wolf!
The wolf misses you.
The wall freezes the wolf.
The wolf bites you!
* * * LOW HITPOINT WARNING * * *
You are confused.
You feel invigorated.
The wall freezes the wolf.
The wolf bites you.
* * * LOW HITPOINT WARNING * * *
The wall freezes the wolf.
The wolf bites you.
You die...

### #####.# #.♣
##.#..######.♣♣
..............♣♣♣♣♣ ♣
..........#.......♣♣♣♣♣♣♣♣..
###.#..................$...
###............†........
##....##.P...#h†.^..# .#
#............@h†....#.##<
##...##.#.##.h##†......:.
#...###.########/.....(.
#####..## ### #.†.......
........# #.8.hh.....
....†..## ...hh.......
..P....# #♣..hh.......
≈≈.....# ♣...........
≈≈≈....# ......../...


You could see 3 wolves.

Vanquished Creatures
  A hydra (Lair:2)
  Urug (Lair:2)
  A black mamba (Lair:3)
  Maggie (D:6)
  4 cane toads
  3 komodo dragons
  Grinder (D:6)
  2 blink frogs (Lair:2)
  Sigmund (D:6)
  A wyvern (Lair:1)
  6 yaks
  A basilisk (Lair:1)
  3 water moccasins
  A necrophage (D:6)
  2 ice beasts
  An orc warrior (D:6)
  A sky beast (D:7)
  2 ogres
  A phantom (D:8)
  22 wolves
  3 centaurs
  A big kobold (D:8)
  6 bullfrogs
  A water moccasin zombie (D:7)
  2 scorpions
  A nameless horror (Lair:2)
  4 howler monkeys
  6 orc wizards
  2 orc priests (D:6)
  2 hounds
  A hell rat (D:9)
  5 worker ants
  A hound zombie (D:6)
  A hound skeleton (D:5)
  4 gnolls (D:2)
  12 adders
  A shadow imp (D:7)
  3 white imps
  An ufetubus (D:7)
  An ooze (D:1)
  2 adder skeletons
  5 worms
  3 dart slugs
  7 leopard geckos
  20 orcs
  8 giant cockroaches
  3 goblins (D:1)
  8 hobgoblins
  12 jackals
  8 quokkas
  3 ball pythons
  A ball python skeleton (D:5)
  10 bats
  2 frilled lizards
  11 kobolds
  A leopard gecko skeleton (D:7)
  A leopard gecko zombie (D:8)
  2 quokka skeletons
  A quokka zombie (D:5)
  7 rats
229 creatures vanquished.

Vanquished Creatures (collateral kills)
  3 cane toads
  A komodo dragon (Lair:1)
  A rime drake (Lair:2)
  5 blink frogs (Lair:2)
  4 wolves
  A bullfrog (Lair:2)
15 creatures vanquished.

Vanquished Creatures (others)
  5 fungi
  6 plants
11 creatures vanquished.

Grand Total: 255 creatures vanquished

Notes
Turn   | Place    | Note
-------+----------+-------------------------------------------
     0 | D:1      | robertstho the Gnoll Ice Elementalist began the quest for
                  | the Orb.
     0 | D:1      | Reached XP level 1. HP: 13/13 MP: 6/6
   159 | D:1      | Reached XP level 2. HP: 6/19 MP: 4/7
   587 | D:1      | Reached XP level 3. HP: 24/25 MP: 9/9
   670 | D:1      | Reached skill level 5 in Spellcasting
  1005 | D:2      | Reached skill level 1 in Invocations
  1023 | D:2      | Reached skill level 1 in Fighting
  1023 | D:2      | Reached skill level 1 in Short Blades
  1023 | D:2      | Reached skill level 1 in Long Blades
  1023 | D:2      | Reached skill level 1 in Axes
  1023 | D:2      | Reached skill level 1 in Maces & Flails
  1023 | D:2      | Reached skill level 1 in Polearms
  1023 | D:2      | Reached skill level 1 in Staves
  1023 | D:2      | Reached skill level 1 in Slings
  1023 | D:2      | Reached skill level 1 in Bows
  1023 | D:2      | Reached skill level 1 in Crossbows
  1023 | D:2      | Reached skill level 1 in Throwing
  1023 | D:2      | Reached skill level 1 in Armour
  1023 | D:2      | Reached skill level 1 in Shields
  1023 | D:2      | Reached skill level 1 in Unarmed Combat
  1023 | D:2      | Reached skill level 1 in Evocations
  1209 | D:2      | Reached XP level 4. HP: 27/32 MP: 11/11
  1405 | D:3      | Learned a level 3 spell: Frozen Ramparts
  1409 | D:3      | Learned a level 3 spell: Ozocubu's Armour
  1414 | D:3      | Learned a level 4 spell: Hailstorm
  1418 | D:2      | Reached skill level 1 in Conjurations
  1418 | D:2      | Reached skill level 1 in Hexes
  1418 | D:2      | Reached skill level 1 in Summonings
  1418 | D:2      | Reached skill level 1 in Necromancy
  1418 | D:2      | Reached skill level 1 in Translocations
  1418 | D:2      | Reached skill level 1 in Transmutations
  1418 | D:2      | Reached skill level 1 in Fire Magic
  1418 | D:2      | Reached skill level 1 in Air Magic
  1418 | D:2      | Reached skill level 1 in Earth Magic
  1418 | D:2      | Reached skill level 1 in Poison Magic
  1575 | D:2      | Reached XP level 5. HP: 37/37 MP: 8/12
  2097 | D:3      | Found an iron altar of Okawaru.
  2750 | D:4      | Found Usuv's Antique Weapon Boutique.
  2772 | D:4      | Found Culetwah's Antique Weapon Boutique.
  2806 | D:4      | Found Hiados's Armour Emporium.
  2881 | D:4      | Reached XP level 6. HP: 42/44 MP: 9/13
  3178 | D:4      | Reached skill level 5 in Dodging
  3240 | D:4      | Found a stormy altar of Qazlal.
  3255 | D:4      | Reached XP level 7. HP: 13/50 MP: 6/15
  3567 | D:4      | Found a snail-covered altar of Cheibriados.
  3887 | D:5      | Entered Level 5 of the Dungeon
  4349 | D:5      | Reached skill level 5 in Stealth
  4974 | D:5      | Found a hazy altar of Hepliaklqana.
  4975 | D:5      | Found an opulent altar of Gozag.
  4976 | D:5      | Found a bloodstained altar of Trog.
  4977 | D:5      | Found a sparkling altar of Nemelex Xobeh.
  4979 | D:5      | Found a basalt altar of Yredelemnul.
  5095 | D:6      | Found a stormy altar of Qazlal.
  5117 | D:6      | Noticed Grinder
  5123 | D:6      | Reached XP level 8. HP: 41/57 MP: 7/16
  5139 | D:6      | Paralysed by Grinder for 4 turns
  5144 | D:6      | Killed Grinder
  5408 | D:6      | Found a runed translucent gate.
  5409 | D:6      | Found a runed translucent gate.
  5409 | D:6      | Found an opulent altar of Gozag.
  5410 | D:6      | Found a runed translucent gate.
  5414 | D:6      | Noticed a yak
  5416 | D:6      | Noticed a yak
  5417 | D:6      | Noticed Calibrex's ghost (amateur GrDe)
  5464 | D:6      | Found a staircase to the Ecumenical Temple.
  5474 | Temple   | Entered the Ecumenical Temple
  5516 | Temple   | Became a worshipper of Sif Muna the Loreminder
  5569 | D:6      | Noticed Sigmund
  5581 | D:6      | Killed Sigmund
  5625 | D:6      | Noticed Maggie
  5646 | D:6      | Killed Maggie
  5647 | D:6      | Reached XP level 9. HP: 53/65 MP: 10/18
  6319 | D:7      | Reached skill level 8 in Ice Magic
  6393 | D:7      | Learned a level 4 spell: Summon Ice Beast
  6398 | D:7      | Learned a level 4 spell: Summon Lightning Spire
  6483 | D:7      | Reached * piety under Sif Muna
  7194 | D:8      | Reached skill level 5 in Invocations
  7266 | D:8      | Found a stormy altar of Qazlal.
  7266 | D:8      | Found an ornate altar of the Wu Jian Council.
  7536 | D:9      | Found a staircase to the Lair.
  7537 | D:9      | Noticed a death yak
  7538 | D:9      | Noticed a death yak
  7538 | D:9      | Noticed a death yak
  7572 | Lair:1   | Entered Level 1 of the Lair of Beasts
  7670 | Lair:1   | Noticed a komodo dragon
  7683 | Lair:1   | Killed a komodo dragon
  7877 | Lair:1   | Noticed a cane toad
  7878 | Lair:1   | Noticed a cane toad
  7889 | Lair:1   | Noticed a komodo dragon
  7891 | Lair:1   | Killed a cane toad
  7892 | Lair:1   | Reached XP level 10. HP: 44/73 MP: 13/20
  7893 | Lair:1   | Killed a cane toad
  7894 | Lair:1   | Reached skill level 5 in Fighting
  7894 | Lair:1   | Reached skill level 5 in Short Blades
  7894 | Lair:1   | Reached skill level 5 in Long Blades
  7894 | Lair:1   | Reached skill level 5 in Axes
  7894 | Lair:1   | Reached skill level 5 in Maces & Flails
  7894 | Lair:1   | Reached skill level 5 in Polearms
  7894 | Lair:1   | Reached skill level 5 in Staves
  7894 | Lair:1   | Reached skill level 5 in Slings
  7894 | Lair:1   | Reached skill level 5 in Bows
  7894 | Lair:1   | Reached skill level 5 in Crossbows
  7894 | Lair:1   | Reached skill level 5 in Throwing
  7894 | Lair:1   | Reached skill level 5 in Armour
  7894 | Lair:1   | Reached skill level 5 in Shields
  7894 | Lair:1   | Reached skill level 5 in Unarmed Combat
  7894 | Lair:1   | Reached skill level 5 in Evocations
  9050 | Lair:2   | Noticed a cane toad
  9051 | Lair:2   | Noticed an eight-headed hydra
  9069 | Lair:2   | Killed an eight-headed hydra
  9073 | Lair:2   | Killed a cane toad
  9151 | Lair:2   | Noticed Urug
  9163 | Lair:2   | Killed Urug
  9166 | Lair:2   | Reached XP level 11. HP: 34/81 MP: 0/22
  9186 | Lair:2   | HP: 2/81 [rime drake/flash freeze (20)]
  9209 | Lair:2   | Reached skill level 5 in Conjurations
  9209 | Lair:2   | Reached skill level 5 in Hexes
  9209 | Lair:2   | Reached skill level 5 in Summonings
  9209 | Lair:2   | Reached skill level 5 in Necromancy
  9209 | Lair:2   | Reached skill level 5 in Translocations
  9209 | Lair:2   | Reached skill level 5 in Transmutations
  9209 | Lair:2   | Reached skill level 5 in Fire Magic
  9209 | Lair:2   | Reached skill level 5 in Air Magic
  9209 | Lair:2   | Reached skill level 5 in Earth Magic
  9209 | Lair:2   | Reached skill level 5 in Poison Magic
  9952 | Lair:2   | Found a staircase to the Snake Pit.
 10346 | Lair:3   | Reached ** piety under Sif Muna
 10532 | Lair:3   | Reached skill level 9 in Ice Magic
 10589 | Lair:3   | HP: 4/83 [wolf (1)]
 10597 | Lair:3   | HP: 1/83 [wolf (8)]
 10608 | Lair:3   | HP: 2/83 [wolf (8)]
 10609 | Lair:3   | Slain by a wolf

Illustrated notes

Levels and vault maps discovered:
D:1:      heliophobic_arrival_henge, layout_rooms, serial_corexii_hall,
          corexii_hall_statues_x, corexii_hall_statues_x
D:2:      layout_loops_ring, grunt_ministairs_9, hangedman_decor_clover_reticule
D:3:      layout_loops_ring, nicolae_overflow_crystal_walls
D:4:      minmay_angry_zag, layout_loops_ring, nicolae_overflow_hidden_temple,
          serial_shops, kennysheep_mini_moat, shop, shop, minmay_ruined_shrine
D:5:      layout_layer_cave, minitemple
D:6:      layout_rooms, temple_doors_e, basic_altar, ebering_ghost_gozag,
          uniq_sigmund, uniq_maggie, uniq_grinder
D:7:      layout_loops_ring
D:8:      layout_loops_ring, gammafunk_temple_overflow_statue
D:9:      layout_gridville, kennysheep_little_box, dpeg_lair_monsters
Temple:   minmay_temple_bridge_abc
Lair:1:   layout_small_grid
Lair:2:   layout_loops_ring, dummy_snake_entry, uniq_urug
Lair:3:   layout_chaotic_city, nicolae_swamp_entry_splash_gauntlet,
          fungi_pond_lemuel, grunt_forest_large_clearings, lemuel_fruit_tree,
          infiniplex_staircase_pool_2

Skill      XL: |  1  2  3  4  5  6  7  8  9 10 11 |
---------------+----------------------------------+-----
Spellcasting   | 5 6 7 8 |  8.4
Invocations    | 1 2 3 4 5 6 7 |  7.2
Fighting       | 1 2 3 4 5 6 |  6.6
Short Blades   | 1 2 3 4 5 6 |  6.6
Long Blades    | 1 2 3 4 5 6 |  6.6
Axes           | 1 2 3 4 5 6 |  6.6
Maces & Flails | 1 2 3 4 5 6 |  6.6
Polearms       | 1 2 3 4 5 6 |  6.6
Staves         | 1 2 3 4 5 6 |  6.6
Slings         | 1 2 3 4 5 6 |  6.6
Bows           | 1 2 3 4 5 6 |  6.6
Crossbows      | 1 2 3 4 5 6 |  6.6
Throwing       | 1 2 3 4 5 6 |  6.6
Armour         | 1 2 3 4 5 6 |  6.6
Shields        | 1 2 3 4 5 6 |  6.6
Unarmed Combat | 1 2 3 4 5 6 |  6.6
Evocations     | 1 2 3 4 5 6 |  6.6
Conjurations   | 1 2 3 4 5 |  5.5
Hexes          | 1 2 3 4 5 |  5.5
Summonings     | 1 2 3 4 5 |  5.5
Necromancy     | 1 2 3 4 5 |  5.5
Translocations | 1 2 3 4 5 |  5.5
Transmutations | 1 2 3 4 5 |  5.5
Fire Magic     | 1 2 3 4 5 |  5.5
Air Magic      | 1 2 3 4 5 |  5.5
Earth Magic    | 1 2 3 4 5 |  5.5
Poison Magic   | 1 2 3 4 5 |  5.5
Dodging        | 5 6 7 8 |  8.1
Stealth        | 5 6 7 |  7.9
Ice Magic      | 8 9 |  9.1

Action                   |  1- 3 |  4- 6 |  7- 9 | 10-12 || total
-------------------------+-------+-------+-------+-------++-------
Melee: Whip              |    69 |       |       |       ||    69
       Unarmed           |     5 |       |       |       ||     5
       Bite              |     9 |    14 |    25 |     9 ||    57
       Short sword       |    18 |       |       |       ||    18
       Dagger            |       |   146 |   192 |       ||   338
       Punch             |       |       |     4 |       ||     4
       Broad axe         |       |       |   140 |    57 ||   197
 Cast: Freeze            |    19 |    12 |     7 |       ||    38
       Frozen Ramparts   |       |    15 |    18 |    19 ||    52
       Hailstorm         |       |       |     6 |    15 ||    21
       Summon Ice Beast  |       |       |     6 |    28 ||    34
       Summon Lightning  |       |       |       |     3 ||     3
Invok: Channel Magic     |       |       |       |     3 ||     3
Evoke: Wand              |       |       |    10 |       ||    10
  Use: Scroll            |     1 |       |     6 |     1 ||     8
       Potion            |       |       |     1 |    11 ||    12
 Stab: Sleeping          |    11 |    12 |    11 |     2 ||    36
Armor: Robe              |    25 |    39 |    86 |    18 ||   168
Dodge: Dodged            |    84 |   114 |   305 |    92 ||   595

Table legend: (Time is in decaauts)
 A = Elapsed time spent in this place.
 B = Non-inter-level travel time spent in this place.
 C = Inter-level travel time spent in this place.
 D = Time resting spent in this place.
 E = Time spent auto-exploring this place.
 F = Levels seen in this place.
 G = Mean time per level.
                   A        B        C        D        E       F      G
               +--------+--------+--------+--------+--------+-----+--------+
         Total |  10666 |  10292 |    374 |   1504 |   6997 |  13 |  820.5 |
       Dungeon |   7539 |   7239 |    300 |    655 |   5211 |   9 |  837.7 |
        Temple |     62 |     42 |     20 |      0 |     35 |   1 |   62.0 |
          Lair |   3063 |   3010 |     53 |    849 |   1751 |   3 | 1021.0 |
               +--------+--------+--------+--------+--------+-----+--------+

Top non-repeatable levels by time:
  Lair:2: 1376 daAuts
  Lair:1: 1333 daAuts
     D:4: 1242 daAuts
     D:5: 1172 daAuts
     D:2: 1051 daAuts
     D:1: 986 daAuts
     D:7: 845 daAuts
     D:6: 843 daAuts
     D:8: 748 daAuts
     D:3: 598 daAuts
  Lair:3: 353 daAuts
  Temple: 62 daAuts
     D:9: 51 daAuts
